 Dungeon Crawl Stone Soup version 0.28.0 (webtiles) character file.

Game seed: 3226043713872738528

28 dolemite99 the Poker (level 3, -1/27 HPs)
             Began as a Merfolk Gladiator on Feb 10, 2022.
             Was a Follower of Qazlal.
             Succumbed to a water moccasin's poison
             ... on level 3 of the Dungeon.
             The game lasted 00:03:46 (1701 turns).

dolemite99 the Poker (Merfolk Gladiator)            Turns: 1701, Time: 00:03:46

Health: -1/27      AC:  7    Str: 16    XL:     3   Next: 12%
Magic:  3/3        EV: 12    Int:  7    God:    Qazlal [*.....]
Gold:   84         SH:  2    Dex: 15    Spells: 2/2 levels left

rFire   . . .      SeeInvis .   a - +0 trident
rCold   . . .      Faith    .   (no shield)
rNeg    . . .      Spirit   .   k - +0 ring mail
rPois   .          Reflect  .   c - +1 helmet
rElec   .          Harm     .   (no cloak)
rCorr   .          Rampage  .   (no gloves)
Will    .....                   (no boots)
Stlth   +.........              (no amulet)
HPRegen 0.09/turn               (no ring)
MPRegen 0.08/turn               (no ring)

@: lethally poisoned (-1 -> -7), invisible
A: (nimble swimmer 2), mertail
a: Renounce Religion


You were on level 3 of the Dungeon.
You worshipped Qazlal.
Qazlal was aware of your devotion.
You visited 1 branch of the dungeon, and saw 3 of its levels.

You collected 84 gold pieces.

Inventory:

Hand Weapons
 a - a +0 trident (weapon)
 w - the +2 dagger "Wanlack" {protect, rPois rF+}
   (You found it on level 2 of the Dungeon)

   It grants its wielder temporary protection when it strikes (+7 to AC).
   rF:        It protects you from fire.
   rPois:     It protects you from poison.
Missiles
 d - a throwing net (quivered)
 e - 24 arrows
 l - 18 stones
Armour
 b - a +0 leather armour
 c - a +1 helmet (worn)
 k - a +0 ring mail (worn)
Scrolls
 i - a scroll of identify {@r1}
Potions
 m - 2 potions of attraction


   Skills:
 - Level 2.1 Fighting
 + Level 6.1 Polearms
 - Level 2.0 Throwing
 - Level 4.0 Dodging


You had 2 spell levels left.
You didn't know any spells.
Your spell library was empty.

Dungeon Overview and Level Annotations

Branches:
Dungeon (3/15)

Altars:
Qazlal


Innate Abilities, Weirdness & Mutations

((You are very nimble when in or above water. (Stealth+, EV+, Speed+++)))
Your lower body shifts to a powerful aquatic tail in water.


Message History

You feel sick. The water moccasin bites you.
You are lethally poisoned!
The water moccasin poisons you!
The water moccasin bites you but does no damage.
You closely miss the water moccasin.
The water moccasin is lightly wounded.
* * * LOW HITPOINT WARNING * * *
You feel very sick. The water moccasin bites you.
* * * LOW HITPOINT WARNING * * *
You feel better. The water moccasin closely misses you.
As you read the scroll labelled GOAM UZ HACU, it crumbles to dust.
The scroll dissolves into smoke.
It was a scroll of fog.
The water moccasin barely misses you.
The water moccasin bites you but does no damage.
It was a potion of magic.
Magic courses through your body. The water moccasin bites you.
You are lethally poisoned!
The water moccasin poisons you!
It was a potion of invisibility.
You fade into invisibility!
* * * LOW HITPOINT WARNING * * *
You feel very sick. You block the water moccasin's attack.
The water moccasin bites you.
* * * LOW HITPOINT WARNING * * *
You barely miss the water moccasin.
The water moccasin is lightly wounded.
* * * LOW HITPOINT WARNING * * *
You feel very sick. The water moccasin barely misses you.
You strike the helpless water moccasin from behind!
You hit the water moccasin.
The water moccasin is moderately wounded.
* * * LOW HITPOINT WARNING * * *
You feel sick.
The water moccasin bites you but does no damage.
You catch the helpless water moccasin completely off-guard!
You hit the water moccasin.
The water moccasin is moderately wounded.
You die...

......... ##.......##
#.........###
######§..........
......§........# #
....§§§§§§.....###...
....§.§§§§...........
.....§§@§§.....#
.....§S#§§...#.#
##.###########.#####.#
#.......# ##<.#####
#..≈≈≈≈≈...
.....≈###≈...
#..###.≈≈ ##. .. ..≈≈


You could see a water moccasin.

Vanquished Creatures
  3 bats (D:2)
  2 endoplasms (D:2)
  5 goblins
  A hobgoblin (D:1)
  4 jackals (D:2)
  A quokka (D:1)
  2 ball pythons
  4 frilled lizards (D:1)
  A kobold (D:1)
  2 rats (D:2)
25 creatures vanquished.

Notes
Turn   | Place    | Note
-------+----------+-------------------------------------------
     0 | D:1      | dolemite99 the Merfolk Gladiator began the quest for the
                  | Orb.
     0 | D:1      | Reached XP level 1. HP: 16/16 MP: 1/1
    73 | D:1      | Found a faded altar of an unknown god.
    80 | D:1      | Prayed at the altar of an unknown god.
    80 | D:1      | Became a worshipper of Qazlal Stormbringer
    80 | D:1      | Reached * piety under Qazlal
   344 | D:1      | Reached skill level 5 in Polearms
   367 | D:1      | Reached XP level 2. HP: 22/22 MP: 2/2
   897 | D:3      | Noticed a water moccasin
  1182 | D:2      | Reached skill level 6 in Polearms
  1182 | D:2      | Reached XP level 3. HP: 27/27 MP: 3/3
  1358 | D:2      | Identified the +2 dagger "Wanlack" {protect, rPois rF+}
  1700 | D:3      | HP: 1/27 [poisoned by a water moccasin]
  1701 | D:3      | Succumbed to a water moccasin's poison

Illustrated notes

Levels and vault maps discovered:
D:1:      amcnicky_arrival_single_pillar, layout_loops_ring,
          shapermc_ecumenical_altar_venn
D:2:      layout_basic, hangedman_abyss_or_decor_stabs
D:3:      layout_rooms, minmay_misc_feat_chi, minivault_11,
          minmay_crystal_water, uniq_terence, uniq_ijyb, uniq_sigmund

Skill      XL: |  1  2 |
---------------+-------+-----
Polearms       | 5 6 |  6.1
Fighting       | |  2.1
Throwing       | |  2.0
Dodging        | |  4.0

Action                   || total
-------------------------++-------
Melee: Trident           ||    86
       Punch             ||     1
Throw: Throwing net      ||     2
  Use: Scroll            ||     6
       Potion            ||     3
 Stab: Invisible         ||     2
Armor: Leather armour    ||     5
       Ring mail         ||    23
Dodge: Dodged            ||    51
Block: Other             ||     8
